 Dungeon Crawl Stone Soup version 0.28-a0-802-g09f76e8c00 (webtiles) character file.

Game seed: 10767161082516807031

56 sasquatch the Insei (level 3, -3/27 HPs)
             Began as a Demigod Transmuter on Nov 6, 2021.
             Succumbed to an orc's poison
             ... on level 3 of the Dungeon.
             The game lasted 00:05:42 (2303 turns).

sasquatch the Insei (Demigod Transmuter)            Turns: 2303, Time: 00:05:43

Health: -3/27      AC:  2    Str: 11    XL:     3   Next: 48%
Magic:  6/8        EV: 19    Int: 19    God:
Gold:   43         SH:  0    Dex: 19    Spells: 1/5 levels left

rFire   . . .      SeeInvis .     - Unarmed
rCold   . . .      Faith    .   (shield currently unavailable)
rNeg    . . .      Spirit   .   (armour currently unavailable)
rPois   x          Reflect  .   (helmet currently unavailable)
rElec   .          Harm     .   (cloak currently unavailable)
rCorr   .          Rampage  .   (gloves currently unavailable)
Will    .....                   (boots currently unavailable)
Stlth   ++........              (no amulet)
HPRegen 0.09/turn               (no ring)
MPRegen 0.11/turn               (no ring)

@: brilliant, lethally poisoned (-3 -> -28), spider-form (expiring)
A: venomous fangs, tiny, high mp 1, forlorn
a: End Transformation


You were on level 3 of the Dungeon.
You were a venomous arachnid creature.
You visited 1 branch of the dungeon, and saw 3 of its levels.

You collected 43 gold pieces.

Inventory:

Armour
 a - a +0 robe (melded)
 d - a +0 ring mail
Jewellery
 c - a +6 ring of strength
Scrolls
 e - a scroll of enchant armour {unknown}
 h - a scroll of amnesia {unknown}
 i - a scroll of blinking {unknown}
 j - a scroll of noise {unknown}
 k - a scroll of brand weapon {unknown}
 l - a scroll of vulnerability {unknown}
Potions
 b - a potion of heal wounds {unknown}
 f - 2 potions of brilliance
 g - a potion of attraction {unknown}


   Skills:
 - Level 0.8 Fighting
 - Level 1.7 Dodging
 + Level 3.5 Unarmed Combat
 - Level 1.7 Spellcasting
 + Level 2.9 Transmutations


You had one spell level left.
You knew the following spells:

 Your Spells              Type           Power      Damage    Failure   Level
a - Beastly Appendage     Tmut           38%        N/A       16%         1
b - Spider Form           Tmut/Pois      10%        N/A       50%         3

Your spell library contained the following spells:

 Spells                   Type           Power      Damage    Failure   Level
 Wereblood                Tmut           19%        N/A       21%         2
 Ensorcelled Hibernation  Hex/Ice        4%         N/A       47%         2
 Portal Projectile        Hex/Tloc       4%         N/A       67%         3
 Ice Form                 Ice/Tmut       10%        N/A       85%         4
 Blade Hands              Tmut           9%         N/A       93%         5
 Excruciating Wounds      Necr           1%         N/A       100%        5


Dungeon Overview and Level Annotations

Branches:
Dungeon (3/15)


Innate Abilities, Weirdness & Mutations

You are a venomous arachnid creature.
You have poisonous fangs.
You are tiny and dextrous.
Your spellcasting is less reliable in this form.
Your armour is entirely melded.
You are incapable of wielding weapons or throwing items.
Your attributes grow dramatically as you level up.
You have an increased reservoir of magic. (+10% MP)
You shall have no god before yourself.


Message History

You start resting.
Magic restored.
You now have 43 gold pieces (gained 7).
Found an escape hatch in the ceiling.
An orc comes into view. It is wielding a +0 whip of venom.
The orc shouts!
You hear a shout! x2
Casting: Spider Form (extremely dangerous; 28% risk of failure)
Confirm with . or Enter, or press ? or * to list all spells.
The spell is extremely dangerous to cast (28% risk of failure)!
Continue anyway?
You turn into a venomous arachnid creature.
Your +0 robe melds into your body.
An orc comes into view. It is wielding a +0 mace.
An orc comes into view. It is wielding a +0 club.
An orc comes into view. It is wielding a +0 hand axe.
A hobgoblin and an orc come into view.
The orc is wielding a +2 flail of holy wrath.
The hobgoblin shouts!
The orc shouts! x2; You hear an angry hiss.
You barely miss the orc.
The orc hits you with a +0 whip of venom.
You are poisoned.
The orc shouts!
You hit the orc.
The orc is poisoned.
The orc is lightly wounded.
You feel very sick.
The orc hits you with a +0 whip of venom.
You feel very sick.
You feel sick.
You feel sick. The orc barely misses you.
Your transformation is almost over.
You feel sick.
You feel sick.
You feel sick.
You feel sick.
You feel sick.
The orc hits you with a +0 whip of venom.
* * * LOW HITPOINT WARNING * * *
You are lethally poisoned!
It was a potion of brilliance.
You feel clever all of a sudden.
You die...

....... ....... ### ......
#.# ..... ##############.#
...# #..............###
..# #
#####.......ooog.##.##....
#.....so##...go...?...
#####.####.#.o....<... #.#
#..#..###..##
#######.####.....# .#
#..<.......#.#...#
#..........#.#....
#.....[....#.#..###
######..####.#..# #.†.#


You could see 4 orcs and a hobgoblin.

Vanquished Creatures
  An adder (D:3)
  2 worms (D:2)
  2 dart slugs
  4 ball pythons
  2 bats (D:1)
  2 endoplasms (D:2)
  A giant cockroach (D:2)
  2 hobgoblins
  A kobold (D:2)
  6 quokkas
  2 frilled lizards (D:1)
  4 goblins
  8 rats
37 creatures vanquished.

Notes
Turn   | Place    | Note
-------+----------+-------------------------------------------
     0 | D:1      | sasquatch the Demigod Transmuter began the quest for the
                  | Orb.
     0 | D:1      | Reached XP level 1. HP: 15/15 MP: 5/5
   149 | D:1      | You fall into a shaft and drop 1 floor!
   286 | D:1      | Reached skill level 3 in Unarmed Combat
   571 | D:1      | Reached XP level 2. HP: 21/22 MP: 5/7
  1472 | D:2      | Reached XP level 3. HP: 27/27 MP: 6/8
  1541 | D:2      | Learned a level 3 spell: Spider Form
  2303 | D:3      | Succumbed to an orc's poison

Illustrated notes

Levels and vault maps discovered:
D:1:      lemuel_arrival_lava_pool, layout_basic, minmay_heptomino_d4
D:2:      layout_basic
D:3:      layout_rooms, uniq_ijyb

Skill      XL: |  1 |
---------------+----+-----
Transmutations | 2 |  2.9
Unarmed Combat | 3 |  3.5
Fighting       | |  0.8
Dodging        | |  1.7
Spellcasting   | |  1.7

Action                   || total
-------------------------++-------
Melee: Unarmed           ||   100
       Kick              ||    17
       Headbutt          ||     9
 Cast: Beastly Appendage ||    26
       Spider Form       ||     2
  Use: Potion            ||     1
 Stab: Sleeping          ||     1
Armor: Robe              ||    13
Dodge: Dodged            ||    46

Table legend: (Time is in decaauts)
 A = Elapsed time spent in this place.
 B = Non-inter-level travel time spent in this place.
 C = Inter-level travel time spent in this place.
 D = Time resting spent in this place.
 E = Time spent auto-exploring this place.
 F = Levels seen in this place.
 G = Mean time per level.
                   A        B        C        D        E       F      G
               +--------+--------+--------+--------+--------+-----+--------+
         Total |   2298 |   2222 |     76 |     54 |   1861 |   3 |  766.0 |
       Dungeon |   2298 |   2222 |     76 |     54 |   1861 |   3 |  766.0 |
               +--------+--------+--------+--------+--------+-----+--------+

Top non-repeatable levels by time:
     D:1: 1181 daAuts
     D:2: 1018 daAuts
     D:3: 98 daAuts
